 Dungeon Crawl Stone Soup version 0.30.0-15-g856e2d3f33 (webtiles) character file.

Game seed: 12058508024101517610

359 jtron the Poker (level 6, -10/90 (93) HPs)
             Began as an Ogre Gladiator on May 18, 2023.
             Mangled by a wight
             ... wielding a +5 long sword
              (14 damage)
             ... on level 4 of the Dungeon.
             The game lasted 00:04:41 (3405 turns).

jtron the Poker (Ogre Gladiator)                    Turns: 3405, Time: 00:04:41

HP:   -10/90 (93)   AC:  3    Str: 25    XL:     6   Next: 65%
MP:   6/6           EV: 10    Int: 11    God:
Gold: 147           SH:  0    Dex: 10    Spells: 5/5 levels left

rFire   . . .        a - +0 trident
rCold   . . .        (no shield)
rNeg    . . .        b - +0 robe
rPois   .            z - +0 hat {SInv}
rElec   .            (no cloak)
rCorr   .            (gloves unavailable)
SInv    +            (boots unavailable)
Will    .....        (no amulet) Stlth
                     k - +6 ring of strength
HPRegen 0.35/turn    (no ring)
MPRegen 0.10/turn

%: no passive effects
@: berserking, lightly drained, very quick
A: large, unfitting armour, tough skin 1
a: no special abilities


You were on level 4 of the Dungeon.
You visited 1 branch of the dungeon, and saw 4 of its levels.

You collected 147 gold pieces.

Inventory:

Hand Weapons
 a - a +0 trident (weapon)
 y - a +0 giant spiked club
Missiles
 d - 2 throwing nets (quivered)
 i - 11 poisoned darts
 o - 4 boomerangs
Armour
 b - a +0 robe (worn)
 z - a +0 hat of see invisible (worn)
Jewellery
 k - a +6 ring of strength (left hand)
Wands
 c - a wand of flame (3)
Scrolls
 f - 4 scrolls of identify {unknown}
 h - 3 scrolls of teleportation {unknown}
 j - a scroll of enchant armour {unknown}
 l - a scroll of poison {unknown}
 m - a scroll of enchant weapon {unknown}
 n - 3 scrolls of noise {unknown}
 p - a scroll of silence {unknown}
Potions
 g - a potion of lignification
 r - a potion of flight {unknown}
 s - a potion of degeneration {unknown}
 t - a potion of invisibility {unknown}
 u - a potion of mutation {unknown}
 v - a potion of attraction {unknown}
 w - 2 potions of might {unknown}
 x - 2 potions of heal wounds {unknown}


   Skills:
 + Level 4.3 Fighting
 + Level 5.4 Polearms
 + Level 2.1 Throwing
 + Level 4.1 Dodging
 + Level 1.1 Stealth


You had 5 spell levels left.
You didn't know any spells.
Your spell library contained the following spells:

 Spells                   Type           Power      Damage    Failure   Level
 Blink                    Tloc           0%         N/A       47%         2
 Lesser Beckoning         Tloc           0%         N/A       47%         2
 Gell's Gravitas          Tloc           0%         N/A       71%         3
 Teleport Other           Tloc           0%         N/A       71%         3
 Manifold Assault         Tloc           0%         N/A       98%         4
 Storm Form               Tmut/Air       0%         N/A       100%        7


Dungeon Overview and Level Annotations

Branches:
Dungeon (4/15)
 Temple: D:4-7

Altars:
Ashenzari


Innate Abilities, Weirdness & Mutations

You are too large for most types of armour.
You have tough skin. (AC +1)


Message History

3 wights come into view.
You barely miss the wight. The wight hits you with a +0 scimitar!
Throw: large rock
Press: ? - help, Q - select action, (/) - cycle Shift-Dir - straight line, f - wight
Aim: a wight, wielding a +1 battleaxe and wearing a +0 robe (59% to hit)
You throw a large rock.
The large rock hits the wight but does no damage.
The wight closely misses you.
Aiming: Throw Flame
Press: ? - help, Shift-Dir - straight line, f/p - wight
Aim: a wight, wielding a +1 battleaxe and wearing a +0 robe (68% to hit)
The puff of flame hits the wight but does no damage.
The wight hits you with a +5 long sword!
You hit the wight but do no damage. Your punch misses the wight.
The wight hits you with a +5 long sword!
You are too injured to fight recklessly!
You are too injured to fight recklessly!
You are too injured to fight recklessly!
You are too injured to fight recklessly!
You are too injured to fight recklessly!
You are too injured to fight recklessly!
You are too injured to fight recklessly!
You are too injured to fight recklessly!
You hit the wight.
The wight is moderately damaged.
The wight barely misses you.
You hit the wight.
The wight is moderately damaged.
The wight hits you with a +5 long sword!
* * * LOW HITPOINT WARNING * * *
You feel drained.
* * * LOW HITPOINT WARNING * * *
You closely miss the wight.
The wight is moderately damaged.
The wight hits you with a +5 long sword!
* * * LOW HITPOINT WARNING * * *
A red film seems to cover your vision as you go berserk!
You feel yourself moving faster!
You feel mighty!
The wight hits you with a +5 long sword!
You die...

......# #......####.# .##
...#### ##.♣♣♣♣.....# ..#
.#...# #.♣..♣♣♣#### #..#
.###.## #...)..♣♣♣ z..# .#
#..# #.......[♣♣##z..# .#
##.# #......♣♣♣.z.z..#
.####.# #.♣..♣♣♣ #.###..#
...##.####.♣♣♣♣####.##...#
................@zzz##.# #
...##...####.######.##.#
...####.............##.#
...# #####............#
...# #.........#..# ...#
###.......#..# ...#
#÷.........# ...#
#........#.# ...#
#........#.#


You could see 3 wights.

Vanquished Creatures
  An ogre (D:4)
  A jelly (D:4)
  2 hounds (D:4)
  2 iguanas
  A sleepcap (D:4)
  A gnoll (D:4)
  6 adders
  A dart slug (D:1)
  4 orcs
  4 bats (D:1)
  2 endoplasms
  2 giant cockroaches (D:4)
  2 goblins
  4 hobgoblins
  4 quokkas
  2 ball pythons (D:2)
  A frilled lizard (D:1)
  5 kobolds (D:2)
  2 rats (D:1)
47 creatures vanquished.

Notes
Turn   | Place    | Note
-------+----------+-------------------------------------------
     0 | D:1      | jtron the Ogre Gladiator began the quest for the Orb.
     0 | D:1      | Reached XP level 1. HP: 22/22 MP: 1/1
   203 | D:1      | Reached XP level 2. HP: 27/29 MP: 2/2
   941 | D:2      | Reached XP level 3. HP: 34/37 MP: 3/3
  1712 | D:3      | Reached skill level 4 in Polearms
  1712 | D:3      | Reached XP level 4. HP: 25/45 MP: 4/4
  1951 | D:3      | Found a broken altar of Ashenzari.
  2646 | D:4      | Reached XP level 5. HP: 37/53 MP: 5/5
  2751 | D:4      | Noticed an ogre
  2759 | D:4      | Killed an ogre
  2760 | D:4      | Reached skill level 1 in Stealth
  2788 | D:4      | Reached skill level 5 in Polearms
  2788 | D:4      | Reached XP level 6. HP: 61/62 MP: 6/6
  3404 | D:4      | HP: 2/60 [wight/+5 long sword (13)]
  3405 | D:4      | Mangled by a wight

Illustrated notes

Levels and vault maps discovered:
D:1:      co_arrival_random_square_maze, layout_basic, minivault_26
D:2:      layout_loops_ring, nicolae_half_adder
D:3:      layout_basic, nicolae_overflow_crystal_walls, nrook_mini_vaults
D:4:      layout_basic, hellmonk_no_cap

Skill      XL: |  1  2  3  4  5  6 |
---------------+-------------------+-----
Fighting       | 3 4 |  4.3
Dodging        | 3 4 |  4.1
Polearms       | 4 5 |  5.4
Stealth        | 1 |  1.1
Throwing       | |  2.1

Action                     |  1- 3 |  4- 6 || total
---------------------------+-------+-------++-------
  Melee: Trident           |   104 |    91 ||   195
         Punch             |     1 |       ||     1
  Throw: Throwing net      |       |     1 ||     1
         Large rock        |       |     3 ||     3
  Evoke: Wand              |       |     1 ||     1
    Use: Potion            |       |     3 ||     3
   Stab: Sleeping          |     2 |     1 ||     3
         Held in net/web   |       |     1 ||     1
 Armour: Robe              |    20 |    15 ||    35
         Skin              |       |     7 ||     7
  Dodge: Dodged            |    47 |    38 ||    85
